 Dungeon Crawl Stone Soup version 0.28.0-47-ge53b351184 (webtiles) character file.

Game seed: 241891910813376948

504 bobregger the Skirmisher (level 7, -3/117 HPs)
             Began as an Ogre Berserker on May 1, 2022.
             Was a Priest of Trog.
             Slain by a killer bee (6 damage)
             ... on level 4 of the Dungeon.
             The game lasted 00:04:48 (3813 turns).

bobregger the Skirmisher (Ogre Berserker)           Turns: 3813, Time: 00:04:49

Health: -3/117     AC: 23    Str: 22    XL:     7   Next: 17%
Magic:  7/7        EV:  1    Int:  8    God:    Trog [***...]
Gold:   144        SH:  0    Dex: 10    Spells: 6/6 levels left

rFire   . . .      SeeInvis .   a - +0 mace
rCold   . . .      Faith    .   (no shield)
rNeg    . . .      Spirit   .   (armour currently unavailable)
rPois   +          Reflect  .   (helmet currently unavailable)
rElec   .          Harm     .   (cloak currently unavailable)
rCorr   .          Rampage  .   (gloves unavailable)
Will    .....      NoTele   +   (boots unavailable)
Stlth   +.........              (no amulet)
HPRegen 0.29/turn               (no ring)
MPRegen 0.10/turn               (no ring)

@: tree-form, on berserk cooldown, hasted and slowed
A: stationary, stasis, torment immunity, boosted hp, large, unfitting armour,
(tough skin 1)
a: Renounce Religion, Berserk, Trog's Hand


You were on level 4 of the Dungeon.
You worshipped Trog.
Trog was most pleased with you.
You were a tree.
You visited 1 branch of the dungeon, and saw 4 of its levels.

You collected 144 gold pieces.

Inventory:

Hand Weapons
 a - a +0 mace (weapon)
Armour
 j - a +0 robe of fire resistance (melded)
Scrolls
 b - a scroll of teleportation {unknown}
 c - a scroll of torment {unknown}
 d - 3 scrolls of enchant weapon {unknown}
 e - a scroll of fog {unknown}
 k - a scroll of amnesia {unknown}
 m - a scroll of identify {unknown}
 n - a scroll of enchant armour {unknown}
 p - a scroll of immolation {unknown}
Potions
 f - 2 potions of flight
 h - a potion of haste
 o - a potion of berserk rage


   Skills:
 * Level 7.3 Fighting
 + Level 3.9 Maces & Flails
 * Level 5.0 Dodging


You had 6 spell levels left.
You didn't know any spells.
Your spell library was empty.

Dungeon Overview and Level Annotations

Branches:
Dungeon (4/15)
 Temple: D:4-7

Altars:
Sif Muna

Shops:
D:2 (   D:3 =   D:4 !


Innate Abilities, Weirdness & Mutations

You are a tree.
Your roots penetrate the ground, keeping you stationary.
You cannot be teleported.
You are immune to unholy pain and torment.
Your maximum health is greatly increased.
Your equipment is partially melded.
You are too large for most types of armour.
((You have tough skin. (AC +1)))


Message History

The killer bee stings you but does no damage.
The killer bee stings you.
* * * LOW HITPOINT WARNING * * *
It was a potion of curing.
You feel better. The killer bee stings you.
* * * LOW HITPOINT WARNING * * *
The killer bee stings you but does no damage.
It was a potion of berserk rage.
You're still recovering from your berserk rage.
The killer bee stings you but does no damage. x2
You closely miss the killer bee.
The killer bee is heavily wounded.
The killer bee barely misses you.
The killer bee stings you but does no damage.
You miss the killer bee.
The killer bee is heavily wounded.
The killer bee stings you but does no damage. x3
You miss the killer bee.
The killer bee is heavily wounded.
The killer bee barely misses you.
The killer bee stings you but does no damage.
You barely miss the killer bee.
The killer bee is heavily wounded.
The killer bee stings you but does no damage. x2
The killer bee stings you.
* * * LOW HITPOINT WARNING * * *
You closely miss the killer bee.
The killer bee is heavily wounded.
The killer bee stings you.
* * * LOW HITPOINT WARNING * * *
The killer bee stings you but does no damage.
You closely miss the killer bee.
The killer bee is heavily wounded.
The killer bee stings you but does no damage. x2
You sock the killer bee!
The killer bee is almost dead.
The killer bee stings you.
* * * LOW HITPOINT WARNING * * *
The killer bee stings you but does no damage.
The killer bee stings you.
You die...

+...... ......
.∩... .... ...
..#### ##.#.......
#..#.......
#..+..... #)♣#....
##
##y##.############.
#..#.....#.........
#..'.....#.........
#..#.....#.........
##.##.#'####....###
..##.#..###....###
#..........#.....#.
#.........≈#.....'.


You could see a killer bee.

Vanquished Creatures
  Sigmund (D:2)
  A kobold brigand (D:3)
  2 killer bees (D:4)
  An iguana (D:3)
  5 adders
  3 worms (D:2)
  A dart slug (D:1)
  An orc (D:3)
  7 ball pythons
  6 endoplasms
  9 giant cockroaches
  13 goblins
  7 hobgoblins
  9 jackals
  6 quokkas
  11 bats
  4 frilled lizards
  13 kobolds
  A quokka skeleton (D:4)
  5 rats
106 creatures vanquished.

Notes
Turn   | Place    | Note
-------+----------+-------------------------------------------
     0 | D:1      | bobregger the Ogre Berserker began the quest for the Orb.
     0 | D:1      | Reached XP level 1. HP: 24/24 MP: 1/1
   179 | D:1      | Reached XP level 2. HP: 27/32 MP: 2/2
   653 | D:1      | Reached XP level 3. HP: 38/40 MP: 3/3
   889 | D:1      | Reached ** piety under Trog
  1182 | D:1      | Reached skill level 5 in Fighting
  1290 | D:2      | Reached XP level 4. HP: 28/50 MP: 4/4
  1440 | D:2      | Found Garphaesu's Weapon Emporium.
  1446 | D:2      | Noticed Sigmund
  1469 | D:2      | Killed Sigmund
  1470 | D:2      | Reached skill level 6 in Fighting
  1470 | D:2      | Reached XP level 5. HP: 59/59 MP: 5/5
  1519 | D:2      | Reached XP level 6. HP: 66/67 MP: 6/6
  1561 | D:2      | Found a faded altar of an unknown god.
  2340 | D:3      | Found a shimmering blue altar of Sif Muna.
  2406 | D:3      | Found Juyk's Jewellery Boutique.
  3278 | D:3      | Reached skill level 7 in Fighting
  3537 | D:3      | Reached *** piety under Trog
  3775 | D:4      | Found Dawegac's Distillery.
  3787 | D:4      | Reached XP level 7. HP: 78/78 MP: 7/7
  3791 | D:4      | Reached skill level 5 in Dodging
  3813 | D:4      | HP: 3/117 [killer bee (4)]
  3813 | D:4      | Slain by a killer bee

Illustrated notes

Levels and vault maps discovered:
D:1:      ncdulo_lavacross, layout_basic, hex_medium
D:2:      minmay_razor_zed, layout_rooms, serial_shops, nicolae_shop_crystal,
          basic_ecumenical_altar, uniq_sigmund
D:3:      cheibrodos_thug_alley, layout_rooms, lemuel_tele_altar, serial_shops,
          nicolae_lakefront_shop
D:4:      layout_gridville, amcnicky_altar_gilded, serial_shops, shop,
          chequers_serial_rivers_small_b

Skill      XL: |  1  2  3  4  5  6  7 |
---------------+----------------------+-----
Dodging        | 3 4 5 |  5.0
Maces & Flails | 3 |  3.9
Fighting       | 5 6 7 |  7.3

Action                   |  1- 3 |  4- 6 |  7- 9 || total
-------------------------+-------+-------+-------++-------
Melee: Mace              |   118 |   193 |    16 ||   327
       Punch             |       |     4 |       ||     4
Invok: Berserk           |       |     2 |       ||     2
       Trog's Hand       |       |     1 |       ||     1
  Use: Potion            |       |       |     6 ||     6
Armor: Animal skin       |    52 |     6 |       ||    58
       Robe              |       |    74 |     8 ||    82
       Skin              |       |       |    15 ||    15
Dodge: Dodged            |    81 |   128 |    12 ||   221
